 Dungeon Crawl Stone Soup version 0.30.1-9-gdf580d7c3d (webtiles) character file.

Game seed: 14248885038231863635

3833 growler the Zephyrmancer (level 10, -4/54 HPs)
             Began as a Tengu Air Elementalist on Oct 25, 2023.
             Was a Follower of Hepliaklqana.
             Slain by a killer bee (7 damage)
             ... on level 8 of the Dungeon.
             The game lasted 00:15:30 (8470 turns).

growler the Zephyrmancer (Tengu Air Elementalist)   Turns: 8470, Time: 00:15:30

Health: -4/54      AC:  7    Str:  8    XL:     10   Next: 18%
Magic:  2/20       EV: 14    Int: 20    God:    Hepliaklqana [*.....]
Gold:   431        SH:  0    Dex: 15    Spells: 11/21 levels left

rFire   . . .        q - +1 dagger (drain)
rCold   . . .        (no shield)
rNeg    . . .        t - +0 steam dragon scales
rPois   .            (helmet restricted)
rElec   .            u - +1 cloak
rCorr   .            (no gloves)
SInv    .            (boots unavailable)
Will    .....        (no amulet)
Stlth   ++           (no ring)
HPRegen 0.29/turn    (no ring)
MPRegen 0.17/turn

%: no passive effects
@: flying quickly and evasively, quick
A: reduced essence, beak, talons 3, nimble flight
a: Renounce Religion, Recall Ancestor, Ancestor Identity


You were on level 8 of the Dungeon.
You worshipped Hepliaklqana.
Hepliaklqana was aware of your devotion.
You visited 2 branches of the dungeon, and saw 9 of its levels.

You collected 431 gold pieces.

Inventory:

Hand Weapons
 q - a +1 dagger of draining (weapon)
 F - a +0 rapier
Missiles
 d - a throwing net
Armour
 a - a +0 robe
 t - +0 steam dragon scales (worn)
 u - a +1 cloak (worn)
Jewellery
 i - a +6 ring of strength
 s - a +6 ring of strength
 z - an amulet of regeneration
Wands
 m - a wand of mindburst (9)
 n - a wand of charming (11)
 H - a wand of flame (25)
Scrolls
 e - 2 scrolls of poison
 f - 2 scrolls of enchant weapon
 h - 2 scrolls of butterflies
 j - a scroll of blinking {unknown}
 k - 2 scrolls of teleportation
 o - a scroll of noise {unknown}
 p - a scroll of magic mapping
 r - 2 scrolls of silence
 v - a scroll of fog {unknown}
 x - a scroll of amnesia
 y - a scroll of torment {unknown}
 A - 2 scrolls of vulnerability {unknown}
 B - a scroll of enchant armour {unknown}
Potions
 b - 2 potions of magic
 c - 5 potions of curing
 g - 4 potions of berserk rage
 l - 2 potions of flight
 w - a potion of resistance
 C - 3 potions of degeneration {unknown}
 D - a potion of brilliance
 E - 2 potions of ambrosia
 G - a potion of haste


   Skills:
 + Level 6.8 Fighting
 + Level 5.2 Short Blades
 - Level 2.1 Dodging
 - Level 2.0 Stealth
 - Level 6.0 Spellcasting
 - Level 6.0 Conjurations
 + Level 11.9 Air Magic


You had 11 spell levels left.
You knew the following spells:

 Your Spells              Type           Power      Damage    Failure   Level
a - Shock                 Conj/Air       100%       1d9       1%          1
b - Static Discharge      Conj/Air       82%        2-6/arc   1%          2
c - Swiftness             Air            52%        N/A       1%          3
d - Airstrike             Air            26%        2d(4-20)  1%          4

Your spell library contained the following spells:

 Spells                   Type           Power      Damage    Failure   Level
 Magic Dart               Conj           100%       1d8       1%          1
 Mephitic Cloud           Conj/Pois/Air  29%        N/A       2%          3
 Dazzling Flash           Conj/Hex       36%        N/A       9%          3
 Call Imp                 Summ           12%        N/A       16%         2
 Call Canine Familiar     Summ           6%         N/A       30%         3
 Gell's Gravitas          Tloc           6%         N/A       30%         3
 Portal Projectile        Hex/Tloc       12%        N/A       30%         3
 Teleport Other           Tloc           6%         N/A       30%         3
 Volatile Blastmotes      Fire/Tloc      12%        2d11      30%         3
 Iskenderun's Mystic Bla  Conj/Tloc      18%        2d6       30%         4
 Leda's Liquefaction      Hex/Erth       3%         N/A       71%         4
 Starburst                Conj/Fire      9%         6d5       99%         6
 Dispersal                Tloc           3%         N/A       100%        6


Dungeon Overview and Level Annotations

Branches:
Dungeon (8/15)             Temple (1/1) D:5
   Lair: D:8-11

Altars:
Ashenzari
Cheibriados
Dithmenos
Elyvilon
Fedhas
Gozag
Hepliaklqana
Kikubaaqudgha
Makhleb
Okawaru
Qazlal
Ru
Sif Muna
Uskayaw
Vehumet
Wu Jian
Xom
Yredelemnul
Zin


Innate Abilities, Weirdness & Mutations

Your life essence is reduced to manifest your ancestor. (-10% HP)
You have a beak for a mouth.
You have claws for feet.
Your magical nature lets you fly swiftly and evasively.


Message History

You are struck by an arc of lightning.
The bullfrog is struck by an arc of lightning.
The bullfrog is heavily wounded.
The lightning grounds out.
You feel sick.
Reggie B. hits the bullfrog!
The bullfrog dies!
The white imp gestures at you. The puff of frost hits you.
* * * LOW HITPOINT WARNING * * *
Casting: Static Discharge (safe; 1% risk of failure)
Confirm with . or Enter, or press ? or * to list all spells.
Aiming: Airstrike (dangerous; 1% risk of failure)
Press: ? - help, Dir - move target, f - white imp
Aim: a white imp (empty space bonus: 7/8)
The air twists around and strikes the white imp!
You kill the white imp!
You feel sick.
Unknown command.
An ice beast comes into view.
A killer bee comes into view.
You feel sick.
You feel sick.
You feel sick.
You are no longer poisoned.
Okay, then.
Reggie B. is recalled.
Unknown command.
The killer bee closely misses you.
You closely miss the killer bee. Your kick misses the killer bee.
Your peck misses the killer bee. The killer bee closely misses you.
Casting: Airstrike (dangerous; 1% risk of failure)
Confirm with . or Enter, or press ? or * to list all spells.
The killer bee is struck by an arc of lightning.
The killer bee is moderately wounded.
Reggie B. avoids your attack. The killer bee barely misses you.
Reggie B. misses the killer bee.
The killer bee stings you.
* * * LOW HITPOINT WARNING * * *
The killer bee attacks as you move away!
The killer bee stings you.
* * * LOW HITPOINT WARNING * * *
The killer bee stings you!
You die...

.....#..# #..:...##
.##.##Y.########..#
.##..#....##......########
..........................
####...#.....####.#############
# #..#.#..#### #...# .....# #
#..#.#..## ###.#####.....# #
#..#####....#####........∩..##
#
#.............@yRY##.........#
#
#.######....#####.##.........#
# #†# #.. #.##....+.... ###.# #
#.##....# ##. ..#.#
#.##....####.. ..#.#
#.#.....R..... .Y#†#
..#####.#'#.†.....~. ....#
................~~~~ #.###
................~≈~~


You could see the friendly Reggie B. the ancestor, an ice beast and a killer bee
(ally target).

Vanquished Creatures
  A polar bear (D:7)
  A hornet (D:8)
  4 yaks (D:8)
  Menkaure (D:5)
  A steam dragon (D:4)
  A water moccasin (D:7)
  Duvessa (D:7)
  A sky beast (D:5)
  An orc warrior (D:6)
  3 ice beasts
  A black bear (D:6)
  An ogre (D:6)
  3 scorpions
  A bullfrog (D:7)
  A necrophage (D:6)
  A gnoll sergeant (D:7)
  Dowan (D:7)
  4 killer bees (D:8)
  3 jellies
  4 orc priests
  Crazy Yiuf (D:4)
  A sleepcap (D:6)
  3 iguanas
  7 orc wizards
  A hound skeleton (D:6)
  8 adders
  5 gnolls (D:7)
  2 shadow imps
  5 white imps
  A worm (D:2)
  4 dart slugs
  20 orcs
  3 ball pythons
  4 endoplasms
  2 giant cockroaches
  13 goblins
  8 hobgoblins
  2 jackals (D:1)
  4 quokkas
  5 bats
  4 frilled lizards
  5 kobolds
  8 rats
151 creatures vanquished.

Vanquished Creatures (collateral kills)
  2 yaks (D:8)
  A bullfrog (D:8)
  A hound (D:7)
  A white imp (D:8)
5 creatures vanquished.

Vanquished Creatures (others)
  2 ancestors (D:8)
2 creatures vanquished.

Grand Total: 158 creatures vanquished

Notes
Turn   | Place    | Note
-------+----------+-------------------------------------------
     0 | D:1      | growler the Tengu Air Elementalist began the quest for the
                  | Orb.
     0 | D:1      | Reached XP level 1. HP: 10/10 MP: 4/4
   221 | D:1      | Reached XP level 2. HP: 15/15 MP: 4/6
   292 | D:1      | Learned a level 2 spell: Static Discharge
   702 | D:1      | Reached XP level 3. HP: 19/19 MP: 1/7
   706 | D:1      | Learned a level 3 spell: Swiftness
  1690 | D:2      | Reached XP level 4. HP: 24/24 MP: 6/9
  2005 | D:3      | Reached skill level 5 in Air Magic
  2427 | D:3      | Found a faded altar of an unknown god.
  2934 | D:4      | Found a blossoming altar of Fedhas.
  3231 | D:4      | Gained mutation: Your magical nature lets you fly swiftly
                  | and evasively. [Tengu growth]
  3231 | D:4      | Reached XP level 5. HP: 11/28 MP: 3/10
  3320 | D:4      | Learned a level 4 spell: Airstrike
  3747 | D:4      | Noticed a steam dragon
  3760 | D:4      | Killed a steam dragon
  3761 | D:4      | Reached skill level 6 in Air Magic
  3761 | D:4      | Reached XP level 6. HP: 32/32 MP: 3/12
  3948 | D:4      | Found a runed translucent door.
  3949 | D:4      | Noticed Crazy Yiuf
  3982 | D:4      | Killed Crazy Yiuf
  3983 | D:4      | Reached skill level 5 in Conjurations
  4117 | D:5      | Entered Level 5 of the Dungeon
  4214 | D:5      | Noticed a sky beast
  4217 | D:5      | Killed a sky beast
  4218 | D:5      | Reached XP level 7. HP: 36/36 MP: 4/14
  4436 | D:5      | Reached skill level 7 in Air Magic
  4609 | D:5      | Found a shadowy altar of Dithmenos.
  4797 | D:5      | Noticed Menkaure
  4799 | D:5      | Killed Menkaure
  4801 | D:5      | Found a staircase to the Ecumenical Temple.
  4810 | Temple   | Entered the Ecumenical Temple
  4878 | Temple   | Became a worshipper of Hepliaklqana the Forgotten
  5192 | D:6      | Reached skill level 5 in Spellcasting
  5192 | D:6      | Reached skill level 8 in Air Magic
  5192 | D:6      | Reached XP level 8. HP: 41/41 MP: 6/16
  5425 | D:6      | Reached skill level 1 in Fighting
  5667 | D:6      | Found a burning altar of Makhleb.
  6149 | D:6      | Reached skill level 9 in Air Magic
  6467 | D:7      | Noticed Duvessa
  6485 | D:7      | Noticed Dowan
  6640 | D:7      | Killed Duvessa
  6641 | D:7      | Reached XP level 9. HP: 31/52 MP: 10/19
  6725 | D:7      | Killed Dowan
  6799 | D:7      | Reached skill level 10 in Air Magic
  6952 | D:7      | Reached skill level 1 in Short Blades
  7122 | D:7      | Reached * piety under Hepliaklqana
  7194 | D:7      | Reached skill level 5 in Fighting
  7983 | D:8      | Reached skill level 11 in Air Magic
  8174 | D:8      | Noticed a polar bear
  8247 | D:7      | Killed a polar bear
  8248 | D:7      | Reached XP level 10. HP: 54/54 MP: 4/20
  8359 | D:8      | Reached skill level 5 in Short Blades
  8470 | D:8      | HP: 2/54 [killer bee (5)]
  8470 | D:8      | Slain by a killer bee

Illustrated notes

Levels and vault maps discovered:
D:1:      minmay_arrival_stair_chambers, layout_basic
D:2:      layout_basic
D:3:      cheibrodos_greedy_goblins, layout_basic,
          shapermc_ecumenical_altar_pompeii
D:4:      layout_rooms, nicolae_overflow_crystal_walls, minmay_door_square,
          kennysheep_potato, uniq_crazy_yiuf_cottage
D:5:      layout_cave_pools, grunt_dithmenos_smoke,
          minmay_temple_entry_antechambers, minmay_statues_item, uniq_menkaure
D:6:      layout_basic, makhleb_blood_cavern_becter
D:7:      layout_basic, uniq_duvessa
D:8:      layout_basic, serial_ice, serial_ice_m, serial_ice_l, serial_ice_a,
          serial_ice_g, serial_ice_o, serial_ice_f, serial_ice_e, serial_ice_n
Temple:   nicolae_temple_slightly_damp_pantheon

Skill      XL: |  1  2  3  4  5  6  7  8  9 10 |
---------------+-------------------------------+-----
Conjurations   | 2 3 4 5 6 |  6.0
Air Magic      | 5 6 8 9 11 | 11.9
Spellcasting   | 3 4 5 6 |  6.0
Fighting       | 4 6 |  6.8
Short Blades   | 4 5 |  5.2
Dodging        | |  2.1
Stealth        | |  2.0

Action                     |  1- 3 |  4- 6 |  7- 9 | 10-12 || total
---------------------------+-------+-------+-------+-------++-------
  Melee: Unarmed           |     2 |    23 |       |       ||    25
         Kick              |     1 |     5 |     9 |       ||    15
         Peck              |       |     5 |     3 |       ||     8
         Dagger            |       |     1 |    23 |     1 ||    25
   Cast: Shock             |    64 |    80 |   176 |     4 ||   324
         Static Discharge  |     2 |     4 |    28 |    10 ||    44
         Airstrike         |       |     5 |    17 |     1 ||    23
 Invoke: Ancestor Identity |       |       |     1 |       ||     1
         Recall Ancestor   |       |       |       |     1 ||     1
    Use: Scroll            |       |     9 |     4 |       ||    13
   Stab: Sleeping          |       |       |     1 |       ||     1
 Armour: Robe              |     2 |    10 |       |       ||    12
         Steam dragon scal |       |       |    11 |     1 ||    12
  Dodge: Dodged            |     8 |    18 |    44 |    10 ||    80
